 Dungeon Crawl Stone Soup version 0.30-a0-913-g9934a0ce24 (webtiles) character file.

Game seed: 8123881158027475219

377 Zonian the Ruffian (level 6, -1/48 HPs)
             Began as a Vine Stalker Gladiator on Mar 19, 2023.
             Was a Believer of the Shining One.
             Succumbed to a scorpion's poison
             ... on level 5 of the Dungeon.
             The game lasted 00:07:36 (3308 turns).

Zonian the Ruffian (Vine Stalker Gladiator)         Turns: 3308, Time: 00:07:37

Health: -1/48      AC: 11    Str: 17    XL:     6   Next: 73%
Magic:  2/8        EV:  2    Int:  8    God:    the Shining One [**....]
Gold:   232        SH:  0    Dex: 15    Spells: 5/5 levels left

rFire   . . .      SeeInvis .      - Unarmed
rCold   . . .      Faith    .    (no shield)
rNeg    + . .      Spirit   +    a - melded +0 leather armour
rPois   +          Reflect  .    b - melded +0 helmet
rElec   .          Rampage  .    (cloak currently unavailable)
rCorr   .          NoTele   +    (gloves currently unavailable)
Will    .....                    (boots currently unavailable)
Stlth   +                        (no amulet)
HPRegen 1.88/turn                (no ring)
MPRegen 0.11/turn                (no ring)

@: lethally poisoned (-1 -> -8), tree-form, corroded, hasted, glowing, very
quick
A: stationary, stasis, torment immunity, boosted hp, (fangs 2), regeneration 2,
magic shield, (antimagic bite), no potion heal 2, (deformed body), weak 1
a: Renounce Religion, Divine Shield


You were on level 5 of the Dungeon.
You worshipped the Shining One.
The Shining One was pleased with you.
You were a tree.
You visited 1 branch of the dungeon, and saw 5 of its levels.

You collected 232 gold pieces.

Inventory:

Missiles
 c - 6 throwing nets (quivered)
 d - a javelin
 e - 5 poisoned darts
Armour
 a - a +0 leather armour (melded)
 b - a +0 helmet (melded)
Wands
 m - a wand of roots (2)
Scrolls
 k - a scroll of noise {unknown}
 l - a scroll of enchant armour {unknown}
 n - a scroll of teleportation
 o - a scroll of vulnerability {unknown}
 r - 2 scrolls of amnesia {unknown}
Potions
 f - 2 potions of might
 g - a potion of invisibility
 j - 2 potions of attraction
 q - a potion of mutation


   Skills:
 + Level 3.5 Fighting
 - Level 2.4 Throwing
 + Level 3.7 Dodging
 + Level 4.4 Unarmed Combat
 + Level 2.2 Invocations


You had 5 spell levels left.
You didn't know any spells.
Your spell library contained the following spells:

 Spells                   Type           Power      Damage    Failure   Level
 Magic Dart               Conj           0%         1d3       41%         1
 Call Imp                 Summ           0%         N/A       54%         2
 Mephitic Cloud           Conj/Pois/Air  0%         N/A       78%         3
 Ice Form                 Ice/Tmut       0%         N/A       99%         4
 Petrify                  Tmut/Erth      0%         N/A       99%         4
 Summon Lightning Spire   Summ/Air       0%         N/A       99%         4
 Freezing Cloud           Conj/Ice/Air   0%         6-21      100%        5


Dungeon Overview and Level Annotations

Branches:
Dungeon (5/15)             Temple (0/1) D:4

Altars:
Dithmenos
Fedhas
Okawaru
Sif Muna
The Shining One

Shops:
D:1 *=(   D:2 [


Innate Abilities, Weirdness & Mutations

You are a tree.
Your roots penetrate the ground, keeping you stationary.
You cannot be teleported.
You are immune to unholy pain and torment.
Your maximum health is greatly increased.
Your equipment is partially melded.
((You have extremely sharp teeth.))
You heal very quickly.
When hurt, damage is shared between your health and your magic reserves.
((Your bite disrupts and absorbs the magic of your enemies.))
Potions cannot restore your health.
((Armour fits poorly on your strangely shaped body.))
You are weak. (Str -2)


Message History

Unknown command.
You hit the scorpion but do no damage.
You feel very sick. The scorpion misses you.
You hit the scorpion but do no damage. Your bite misses the scorpion.
You feel sick. The scorpion stings you.
You hit the scorpion but do no damage.
You bite the scorpion, but do no damage.
You feel sick. The scorpion stings you.
* * * LOW HITPOINT WARNING * * *
You are lethally poisoned!
The scorpion poisons you!
Unknown command.
It was a potion of mutation.
You feel extremely strange.
Your body twists and deforms.
You feel weaker.
You begin to heal more quickly.
You feel very sick. The scorpion stings you.
* * * LOW HITPOINT WARNING * * *
You are lethally poisoned!
The scorpion poisons you!
It was a potion of heal wounds.
That seemed strangely inert.
The Shining One protects you from harm! The scorpion closely misses you.
The scorpion misses you.
You hit the scorpion but do no damage.
You bite the scorpion, but do no damage.
* * * LOW HITPOINT WARNING * * *
You feel very sick. The scorpion barely misses you.
It was a potion of lignification.
You turn into a tree.
Your +0 helmet melds into your body.
Your +0 leather armour melds into your body.
Your roots penetrate the ground.
* * * LOW HITPOINT WARNING * * *
You feel very sick. The scorpion stings you.
* * * LOW HITPOINT WARNING * * *
You are more poisoned.
The scorpion poisons you!
It was a potion of haste.
You feel yourself speed up.
You die...

###+####+## #....#....#
#..>......+ #.........# .
#......#+#######.. #.#
#....#...|........ #.#
#....##...........
#.###....##...♣s......
#.#...#.###)..........
#.#.#.#.# #...........
#.#.#.#.# #...........
#.#.#.#.####+#######....#
###.#.#.#....#.# #.....#
#.....#.####.#.# #.....#
#### ##..###.#
#.#.######...... .#.
##..###.# #.#.##.........
..


You could see a scorpion.

Vanquished Creatures
  An ogre (D:2)
  A jelly (D:5)
  Natasha (twice) (D:2)
  6 gnolls
  4 adders
  4 worms
  3 dart slugs
  8 orcs
  7 endoplasms
  3 giant cockroaches
  9 goblins
  12 hobgoblins
  8 quokkas
  8 ball pythons
  7 bats
  5 frilled lizards
  6 kobolds
  12 rats
106 creatures vanquished.

Vanquished Creatures (others)
  3 fungi (D:4)
  7 plants (D:4)
10 creatures vanquished.

Grand Total: 116 creatures vanquished

Notes
Turn   | Place    | Note
-------+----------+-------------------------------------------
     0 | D:1      | Zonian the Vine Stalker Gladiator began the quest for the
                  | Orb.
     0 | D:1      | Reached XP level 1. HP: 11/11 MP: 2/2
     4 | D:1      | Got the Compilation of Evolving Breath
   100 | D:1      | Found Ytyompy's Jewellery Emporium.
   110 | D:1      | Reached XP level 2. HP: 12/15 MP: 3/3
   244 | D:1      | Found Kegaogh's General Store.
   307 | D:1      | Reached XP level 3. HP: 18/18 MP: 4/4
   672 | D:1      | Found Ninwud's Antique Weapon Boutique.
  1077 | D:2      | Found a faded altar of an unknown god.
  1084 | D:2      | Prayed at the altar of an unknown god.
  1084 | D:2      | Became a worshipper of the Shining One
  1084 | D:2      | Reached * piety under the Shining One
  1128 | D:2      | Gained mutation: Your natural rate of healing is unusually
                  | fast. [Vine Stalker growth]
  1128 | D:2      | Reached XP level 4. HP: 23/23 MP: 5/5
  1251 | D:2      | Found Manuschei's Armour Shoppe.
  1252 | D:2      | Noticed Natasha
  1267 | D:2      | Killed Natasha
  1271 | D:2      | Reached XP level 5. HP: 25/27 MP: 6/6
  1380 | D:2      | Noticed an ogre
  1386 | D:2      | Killed an ogre
  1387 | D:2      | Reached skill level 4 in Unarmed Combat
  1387 | D:2      | Reached skill level 1 in Invocations
  1505 | D:2      | Noticed Natasha
  1513 | D:2      | Killed Natasha
  1514 | D:2      | Reached XP level 6. HP: 18/32 MP: 5/8
  2628 | D:4      | Found a shadowy altar of Dithmenos.
  2706 | D:4      | Found a staircase to the Ecumenical Temple.
  2773 | D:4      | Reached ** piety under the Shining One
  2787 | D:4      | Found an iron altar of Okawaru.
  2905 | D:4      | Found a shimmering blue altar of Sif Muna.
  3076 | D:4      | Found a blossoming altar of Fedhas.
  3180 | D:5      | Entered Level 5 of the Dungeon
  3304 | D:5      | Gained mutation: Armour fits poorly on your strangely
                  | shaped body. [potion of mutation]
  3304 | D:5      | Gained mutation: You are weak. (Str -2) [potion of
                  | mutation]
  3304 | D:5      | Gained mutation: You heal very quickly. [potion of
                  | mutation]
  3305 | D:5      | The Shining One protects you from harm!
  3307 | D:5      | HP: 2/48 [scorpion (1)]
  3308 | D:5      | Succumbed to a scorpion's poison

Illustrated notes

Levels and vault maps discovered:
D:1:      tekkud_arrival_beachfront_property, layout_loops_ring, serial_shops,
          shop, shop, shop_statue
D:2:      layout_loops_corners, dreamdust_ecumenical_altar_hidden_monk_grotto,
          serial_shops, shop, uniq_natasha
D:3:      layout_loops_ring, lemuel_flame_loot_1
D:4:      layout_rooms, mainiacjoe_overflow_alcove_4,
          nicolae_dithmenos_the_darkroom, nicolae_overflow_crystal_walls,
          fedhas_altar_decomposition, minmay_temple_entry_trees
D:5:      layout_basic, tso_oasis_becter, kennysheep_mini, serial_shops, shop,
          minmay_liquid_box, kennysheep_another_room, lightli_corner_chamber

Skill      XL: |  1  2  3  4  5  6 |
---------------+-------------------+-----
Fighting       | 2 3 |  3.5
Throwing       | 2 |  2.4
Dodging        | 3 |  3.7
Unarmed Combat | 4 |  4.4
Invocations    | 1 2 |  2.2

Action                     |  1- 3 |  4- 6 || total
---------------------------+-------+-------++-------
  Melee: Unarmed           |   120 |   173 ||   293
         Bite              |    27 |    66 ||    93
         Punch             |     6 |     7 ||    13
  Throw: Throwing net      |       |     1 ||     1
    Use: Scroll            |       |     4 ||     4
         Potion            |       |     4 ||     4
   Stab: Sleeping          |     2 |       ||     2
 Armour: Leather armour    |    31 |    15 ||    46
  Dodge: Dodged            |    80 |    87 ||   167

Table legend: (Time is in decaauts)
 A = Elapsed time spent in this place.
 B = Non-inter-level travel time spent in this place.
 C = Inter-level travel time spent in this place.
 D = Time resting spent in this place.
 E = Time spent auto-exploring this place.
 F = Levels seen in this place.
 G = Mean time per level.
                   A        B        C        D        E       F      G
               +--------+--------+--------+--------+--------+-----+--------+
         Total |   3289 |   3146 |    143 |     14 |   2372 |   5 |  657.8 |
       Dungeon |   3289 |   3146 |    143 |     14 |   2372 |   5 |  657.8 |
               +--------+--------+--------+--------+--------+-----+--------+

Top non-repeatable levels by time:
     D:2: 981 daAuts
     D:1: 822 daAuts
     D:3: 773 daAuts
     D:4: 586 daAuts
     D:5: 125 daAuts
